Map: Terraform LE (Void)

Players

apudapus

  • Race: Protoss Protoss
  • League: Silver

wabbajack - Winner!

  • Race: Zerg Zerg
  • League: Gold

VOD

Have the link to the VOD?

Description

Time

  • Played on: July 22, 2015, 1:47 a.m.
  • Length: 5:38
Show
View Real Time Build Order
Export as new Build Order

apudapus Protoss 

Build Orders:  

Get SALT Encoding   

  12  0:03  Probe  
  13  0:18  Probe  
  14  0:31  Pylon  
  14  0:49  Probe  
  15  1:01  Probe  
  16  1:07  Gateway  
  16  1:13  Probe (Chrono Boost)  
  17  1:22  Nexus  
  17  1:25  Probe (Chrono Boost)  
  18  1:29  Assimilator  
  18  1:34  Probe (Chrono Boost)  
  19  1:43  Probe  
  20  1:49  Pylon  
  20  1:55  Probe (Chrono Boost)  
  21  2:06  Assimilator  
  21  2:07  Probe (Chrono Boost)  
  22  2:09  Cybernetics Core  
  22  2:15  Probe (Chrono Boost)  
  23  2:24  Probe (Chrono Boost)  
  23  2:26  Pylon  
  24  2:30  Zealot  
  24  2:35  Probe (Chrono Boost)  
  28  2:42  Probe (Chrono Boost)  
  29  2:45  Probe (Chrono Boost)  
  29  2:47  Warp Gate (Chrono Boost)  
  29  2:49  Probe (Chrono Boost)  
  30  2:52  Probe  
  30  3:00  Mothership Core  
  30  3:04  Probe  
  33  3:06  Pylon  
  33  3:11  Stalker  
  35  3:18  Robotics Facility  
  35  3:19  Probe (Chrono Boost)  
  36  3:30  Probe (Chrono Boost)  
  37  3:38  Gateway  
  37  3:40  Probe (Chrono Boost)  
  38  3:43  Assimilator  
  38  3:46  Sentry  
  40  3:50  Probe (Chrono Boost)  
  41  3:57  Gateway  
  41  4:02  Probe (Chrono Boost), Pylon  
  42  4:09  Probe (Chrono Boost)  
  44  4:10  Observer  
  44  4:13  Probe (Chrono Boost)  
  46  4:17  Probe (Chrono Boost)  
  46  4:22  Probe (Chrono Boost)  
  48  4:29  Probe x2 (Chrono Boost)  
  48  4:30  Warp Prism  
  51  4:32  Gateway  
  51  4:36  Probe x2  
  53  4:39  Pylon  
  53  4:49  Gateway  
  53  4:53  Pylon  
  53  4:54  Probe  
  53  4:55  Zealot x2, Assimilator  
  53  4:58  Zealot  
  36  5:28  Probe (Chrono Boost)  
Show
View Real Time Build Order
Export as new Build Order

wabbajack Zerg - Winner!

Build Orders: Hatch First 

Get SALT Encoding   

  12  0:05  Drone  
  13  0:15  Overlord  
  13  0:19  Drone  
  14  0:23  Extractor  
  13  0:32  Drone  
  13  0:34  Drone  
  16  0:39  Drone  
  17  0:52  Drone  
  18  1:00  Hatchery  
  18  1:02  Drone  
  18  1:07  Extractor  
  17  1:13  Drone  
  18  1:21  Drone  
  19  1:37  Drone, Spawning Pool  
  19  1:43  Overlord  
  19  1:58  Drone  
  20  2:07  Drone  
  21  2:18  Drone  
  21  2:22  Drone x2  
  24  2:24  Queen x2  
  24  2:26  Metabolic Boost  
  28  2:32  Zergling x2  
  29  2:47  Overlord  
  29  3:00  Pneumatized Carapace  
  29  3:10  Zergling x4  
  31  3:26  Drone x6, Baneling Nest  
  36  3:33  Overlord  
  36  3:40  Overlord  
  36  3:42  Zergling x4  
  36  3:44  Zergling x4  
  36  3:47  Zergling x4  
  42  4:09  Spore Crawler  
  41  4:12  Spore Crawler, Spine Crawler  
  41  4:13  Spine Crawler  
  41  4:16  Baneling x2  
  38  4:19  Baneling x2  
  38  4:21  Baneling  
  38  4:30  Baneling  
  38  4:45  Drone  
  38  4:46  Drone x16  
  38  4:47  Drone x3  
  58  4:58  Extractor  
  50  5:30  Hatchery  
Tags
 
Add a new tag
Caveats
  • Supply blocks, unpowered buildings, or Contaminate may cause inaccurate times.
  • Supply counts are checked every 10 seconds.